 Dungeon Crawl Stone Soup version 0.27-a0-1565-gad902ab807 (webtiles) character file.

Game seed: 2009028228600943133

10 Rallik the Skirmisher (level 2, 23/24 HPs)
             Began as a Demonspawn Fighter on July 16, 2021.
             Quit the game on level 1 of the Dungeon.
             The game lasted 00:00:49 (553 turns).

Rallik the Skirmisher (Demonspawn Fighter)           Turns: 553, Time: 00:00:50

Health: 23/24      AC:  6    Str: 16    XL:     2   Next: 10%
Magic:  2/2        EV:  6    Int:  9    God:
Gold:   11         SH:  8    Dex: 12    Spells: 1/1 levels left

rFire    . . .     SeeInvis .   a - +0 war axe
rCold    . . .     Faith    .   c - +0 kite shield
rNeg     . . .     Spirit   .   b - +0 scale mail
rPois    .         Reflect  .   (no helmet)
rElec    .         Harm     .   (no cloak)
rCorr    .         Rampage  .   (no gloves)
Will     .....                  (no boots)
Stlth    ..........             (no amulet)
HPRegen  0.08/turn              (no ring)
MPRegen  0.08/turn              (no ring)

@: no status effects
A: hooves 1
a: no special abilities


You were on level 1 of the Dungeon.
You visited 1 branch of the dungeon, and saw 1 of its levels.

You collected 11 gold pieces.

Inventory:

Hand Weapons
 a - a +0 war axe (weapon)
Armour
 b - a +0 scale mail (worn)
 c - a +0 kite shield (worn)
Potions
 d - a potion of might


   Skills:
 + Level 3.2 Fighting
 + Level 1.9 Axes
 + Level 2.9 Armour
 + Level 2.8 Shields


You had one spell level left.
You didn't know any spells.
Your spell library was empty.

Dungeon Overview and Level Annotations

Branches:
Dungeon (1/15)

Altars:


Innate Abilities, Weirdness & Mutations

You have large cloven feet.


Message History

You see here a ball python corpse.
Found a stone staircase leading down.
A rat comes into view.
A rat is nearby!
The rat bites you but does no damage.
You slash the rat!
You kill the rat!
No target in view!
You see here a rat corpse.
A hobgoblin comes into view.
The hobgoblin shouts!
A hobgoblin comes into view.
You hit the hobgoblin but do no damage. The hobgoblin closely misses you.
You hit the hobgoblin.
The hobgoblin is severely wounded.
You block the hobgoblin's attack. The hobgoblin barely misses you.
You barely miss the hobgoblin.
The hobgoblin is severely wounded.
You hit the hobgoblin. You block the hobgoblin's attack. x2
The hobgoblin hits you but does no damage.
You slash the hobgoblin!
You kill the hobgoblin!
You barely miss the hobgoblin. The hobgoblin hits you.
The hobgoblin barely misses you.
You have reached level 2!
Your demonic ancestry asserts itself...
Your feet thicken and deform.
You completely miss the hobgoblin.
The hobgoblin is heavily wounded.
You block the hobgoblin's attack. x2
You barely miss the hobgoblin.
The hobgoblin is heavily wounded.
You block the hobgoblin's attack.
You hit the hobgoblin but do no damage.
You kick the hobgoblin, but do no damage.
The hobgoblin is heavily wounded.
You block the hobgoblin's attack. The hobgoblin barely misses you.
You barely miss the hobgoblin. You kick the hobgoblin.
You kill the hobgoblin!
Are you sure you want to abandon this character and quit the game? (Confirm with "yes".)

#.. #.# #.# #.#
#.# ##### #.#
#... # .....
##.####.####..#
#....#
#.............#
##.....
#..#...@......#
.......
#..#.##.....#.#
.......
#..#.#.######
.......###..#.#.
............#.#.
.....#.###.#.#.
... #..##.#.#. .
##.##.# #.
#.##.# ...


There were no monsters in sight!

Vanquished Creatures
  A dart slug (D:1)
  An endoplasm (D:1)
  3 hobgoblins (D:1)
  A ball python (D:1)
  A bat (D:1)
  A rat (D:1)
8 creatures vanquished.

Notes
Turn   | Place    | Note
-------+----------+-------------------------------------------
     0 | D:1      | Rallik the Demonspawn Fighter began the quest for the Orb.
     0 | D:1      | Reached XP level 1. HP: 18/18 MP: 1/1
   548 | D:1      | Gained mutation: You have large cloven feet. [demonic
                  | ancestry]
   548 | D:1      | Reached XP level 2. HP: 23/24 MP: 2/2
   553 | D:1      | Quit the game

Illustrated notes

Levels and vault maps discovered:
D:1:      elethiomel_arrival_shortcut, layout_basic, corexii_corridor_pit

Action                   || total
-------------------------++-------
Melee: War axe           ||    18
       Kick              ||     2
Armor: Scale mail        ||     3
Dodge: Dodged            ||     5
Block: Kite shield       ||     9

Table legend: (Time is in decaauts)
 A = Elapsed time spent in this place.
 B = Non-inter-level travel time spent in this place.
 C = Inter-level travel time spent in this place.
 D = Time resting spent in this place.
 E = Time spent auto-exploring this place.
 F = Levels seen in this place.
 G = Mean time per level.
                   A        B        C        D        E       F      G
               +--------+--------+--------+--------+--------+-----+--------+
         Total |    564 |    564 |      0 |      0 |    513 |   1 |  564.0 |
       Dungeon |    564 |    564 |      0 |      0 |    513 |   1 |  564.0 |
               +--------+--------+--------+--------+--------+-----+--------+

Top non-repeatable levels by time:
     D:1: 564 daAuts
